SAAA
SIOUX FALLS RED PANDAS @ ALLOWAY HALBERDS
09/02/2027
 
TOP OF THE 1ST
Sioux Falls Red Pandas batting - Pitching for Alloway Halberds : RHP Jim Unknown
Pitching: RHP Jim Unknown
Batting: RHB Bryant Skelly 0-0: Fly out, F6 (Popup, 6M)
Batting: RHB Arturo Scantlebury 0-0: Ball
1-0: Called Strike
1-1: Ball
2-1: SINGLE (Line Drive, 6D)
Batting: RHB Apu Nahasapeemapetilon 0-0: Called Strike
0-1: Fly out, F5 (Line Drive, 5L)
Batting: LHB Homer Spence 0-0: Called Strike
0-1: SINGLE (Flyball, 7LM)
Arturo Scantlebury to second
Batting: RHB Jesús Vásquez 0-0: Called Strike
0-1: Swinging Strike
0-2: Ball
1-2: Ball
2-2: Ball
3-2: Base on Balls
Arturo Scantlebury to third
Homer Spence to second
Batting: LHB Augustus Driscoll 0-0: Called Strike
0-1: SINGLE (Groundball, 3D)
Arturo Scantlebury scores
Homer Spence to third
Jesús Vásquez to second
Runner from 3rd tries for Home, SAFE, no throw
Batting: SHB Carlos Schultz 0-0: Ball
1-0: Ball
2-0: Fly out, F7 (Flyball, 7)
Top of the 1st over - 2 run(s), 3 hit(s), 0 error(s), 2 left on base; Sioux Falls 2 - Alloway 0
BOTTOM OF THE 1ST
Alloway Halberds batting - Pitching for Sioux Falls Red Pandas : RHP Pedro Aguilar
Pitching: RHP Pedro Aguilar
Batting: LHB Jesús Trevino 0-0: Ground out 3-1 (Groundball, 34S)
Batting: RHB Jorge López 0-0: Foul Ball, location: 2F
0-1: Ball
1-1: Called Strike
1-2: Ball
2-2: Foul Ball, location: 2F
2-2: Foul Ball, location: 2F
2-2: Fly out, F4 (Popup, 4)
Batting: RHB Juan Salinas 0-0: SINGLE (Groundball, 56S) (infield hit)
Batting: LHB Jorge Flores 0-0: Ball
1-0: Called Strike
1-1: Ball
2-1: Ball
3-1: 2-RUN HOME RUN (Flyball, 78XD), Distance : 435 ft
Batting: RHB Vito Middendorf 0-0: Foul Ball, location: 2F
0-1: Called Strike
0-2: Ball
1-2: Ball
2-2: Strikes out swinging
Bottom of the 1st over - 2 run(s), 2 hit(s), 0 error(s), 0 left on base; Sioux Falls 2 - Alloway 2
TOP OF THE 2ND
Sioux Falls Red Pandas batting - Pitching for Alloway Halberds : RHP Jim Unknown
Batting: RHB Kenneth Noid 0-0: Called Strike
0-1: Ball
1-1: Foul Ball, location: 2F
1-2: Ball
2-2: Fly out, F7 (Flyball, 78M)
Batting: LHB Fa-tang Wang 0-0: Called Strike
0-1: Foul Ball, location: 2F
0-2: Ground out 6-3 (Groundball, 6)
Batting: RHB Bryant Skelly 0-0: Ground out 6-3 (Groundball, 6)
Top of the 2nd over - 0 run(s), 0 hit(s), 0 error(s), 0 left on base; Sioux Falls 2 - Alloway 2
BOTTOM OF THE 2ND
Alloway Halberds batting - Pitching for Sioux Falls Red Pandas : RHP Pedro Aguilar
Batting: SHB John Clayton 0-0: Ball
1-0: Ball
2-0: Ball
3-0: Called Strike
3-1: Ground out 6-3 (Groundball, 6)
Batting: RHB Chi-hyeong Ho 0-0: Called Strike
0-1: Ball
1-1: Ball
2-1: Swinging Strike
2-2: Ball
3-2: Fly out, F7 (Flyball, 7D)
Batting: RHB Noah Smith 0-0: Ball
1-0: Swinging Strike
1-1: Swinging Strike
1-2: Reached on error, E5 (Groundball, 5L)
Batting: RHB Cisco Hernández 0-0: Called Strike
0-1: Ball
1-1: Ball
2-1: Called Strike
2-2: Strikes out looking
Bottom of the 2nd over - 0 run(s), 0 hit(s), 1 error(s), 1 left on base; Sioux Falls 2 - Alloway 2
TOP OF THE 3RD
Sioux Falls Red Pandas batting - Pitching for Alloway Halberds : RHP Jim Unknown
Batting: RHB Arturo Scantlebury 0-0: Ball
1-0: Ground out 5-3 (Groundball, 5L)
Batting: RHB Apu Nahasapeemapetilon 0-0: Ball
1-0: Fly out, F2 (Popup, 2L)
Batting: LHB Homer Spence 0-0: Foul Ball, location: 2F
0-1: Foul Ball, location: 2F
0-2: Ground out 6-3 (Groundball, 56)
Top of the 3rd over - 0 run(s), 0 hit(s), 0 error(s), 0 left on base; Sioux Falls 2 - Alloway 2
BOTTOM OF THE 3RD
Alloway Halberds batting - Pitching for Sioux Falls Red Pandas : RHP Pedro Aguilar
Batting: LHB Jesús Trevino 0-0: Ball
1-0: Called Strike
1-1: Ground out 1-3 (Groundball, 13S)
Batting: RHB Jorge López 0-0: Called Strike
0-1: Ball
1-1: Called Strike
1-2: Ball
2-2: Ball
3-2: Base on Balls
Batting: RHB Juan Salinas 0-0: Ball
1-0: Foul Ball, location: 2F
1-1: Ball
2-1: Fly out, F8 (Flyball, 89M)
Batting: LHB Jorge Flores 0-0: Ground out 1-3 (Groundball, 13)
Bottom of the 3rd over - 0 run(s), 0 hit(s), 0 error(s), 1 left on base; Sioux Falls 2 - Alloway 2
TOP OF THE 4TH
Sioux Falls Red Pandas batting - Pitching for Alloway Halberds : RHP Jim Unknown
Batting: RHB Jesús Vásquez 0-0: Ground out 6-3 (Groundball, 6)
Batting: LHB Augustus Driscoll 0-0: Swinging Strike
0-1: Swinging Strike
0-2: Ball
1-2: Ball
2-2: Foul Ball, location: 2F
2-2: SINGLE (Line Drive, 56)
Batting: SHB Carlos Schultz 0-0: Called Strike
0-1: Reached via error on a dropped throw, E1
Augustus Driscoll to second
Batting: RHB Kenneth Noid 0-0: Called Strike
0-1: Ball
1-1: Grounds into double play, 6-4-3 (Groundball, 6)
Top of the 4th over - 0 run(s), 1 hit(s), 1 error(s), 1 left on base; Sioux Falls 2 - Alloway 2
BOTTOM OF THE 4TH
Alloway Halberds batting - Pitching for Sioux Falls Red Pandas : RHP Pedro Aguilar
Batting: RHB Vito Middendorf 0-0: Ball
1-0: Foul Ball, location: 2F
1-1: Foul Ball, location: 2F
1-2: Ball
2-2: Foul Ball, location: 2F
2-2: Ball
3-2: Foul Ball, location: 2F
3-2: Base on Balls
Batting: SHB John Clayton 0-0: Called Strike
0-1: Called Strike
Vito Middendorf steals 2nd base
0-2: Strikes out swinging
Batting: RHB Chi-hyeong Ho 0-0: Ball
1-0: Called Strike
1-1: Ball
2-1: Foul Ball, location: 2F
2-2: Ground out 5-3 (Groundball, 5L)
Batting: RHB Noah Smith 0-0: Called Strike
0-1: Ball
1-1: Ball
2-1: Called Strike
2-2: Strikes out swinging
Bottom of the 4th over - 0 run(s), 0 hit(s), 0 error(s), 1 left on base; Sioux Falls 2 - Alloway 2
TOP OF THE 5TH
Sioux Falls Red Pandas batting - Pitching for Alloway Halberds : RHP Jim Unknown
Batting: LHB Fa-tang Wang 0-0: Swinging Strike
0-1: Foul Ball, location: 2F
0-2: Ball
1-2: Strikes out looking
Batting: RHB Bryant Skelly 0-0: Ball
1-0: Called Strike
1-1: DOUBLE (Groundball, 5L)
Batting: RHB Arturo Scantlebury 0-0: Ball
Bryant Skelly steals 3rd base
1-0: Foul Ball, location: 2F
1-1: Ball
Wild Pitch!
Bryant Skelly scores
2-1: Ball
3-1: SOLO HOME RUN (Flyball, 7D), Distance : 395 ft
Batting: RHB Apu Nahasapeemapetilon 0-0: Foul Ball, location: 2F
0-1: Called Strike
0-2: Strikes out swinging
Batting: LHB Homer Spence 0-0: Foul Ball, location: 2F
0-1: Ball
1-1: Ball
2-1: Called Strike
2-2: Foul Ball, location: 2F
2-2: Strikes out swinging
Top of the 5th over - 2 run(s), 2 hit(s), 0 error(s), 0 left on base; Sioux Falls 4 - Alloway 2
BOTTOM OF THE 5TH
Alloway Halberds batting - Pitching for Sioux Falls Red Pandas : RHP Pedro Aguilar
Batting: RHB Cisco Hernández 0-0: Called Strike
0-1: Foul Ball, location: 2F
0-2: Foul Ball, location: 2F
0-2: Ball
1-2: Foul Ball, location: 2F
1-2: Ball
2-2: Strikes out looking
Batting: LHB Jesús Trevino 0-0: Ball
1-0: Foul Ball, location: 2F
1-1: Ball
2-1: SOLO HOME RUN (Flyball, 9D), Distance : 387 ft
Pitching: RHP Fernando Marés
Batting: RHB Jorge López 0-0: Called Strike
0-1: Foul Ball, location: 2F
0-2: Ball
1-2: DOUBLE (Flyball, 78XD)
Batting: RHB Juan Salinas 0-0: Ball
1-0: Called Strike
1-1: Foul Ball, location: 2F
1-2: Ball
2-2: Hit by Pitch
Pinch Runner at 1st Christovão Galho:
Batting: LHB Jorge Flores 0-0: Called Strike
0-1: Ball
1-1: Ball
2-1: DOUBLE (Flyball, 7LD)
Jorge López scores
Christovão Galho to third
Batting: RHB Vito Middendorf 0-0: Ground out 5-3 (Groundball, 56S)
Batting: SHB John Clayton 0-0: Foul Ball, location: 2F
0-1: Ball
1-1: Called Strike
Error on foul ball, E5
1-2: Ground out 4-3 (Groundball, 34)
Bottom of the 5th over - 2 run(s), 3 hit(s), 1 error(s), 2 left on base; Sioux Falls 4 - Alloway 4
TOP OF THE 6TH
Sioux Falls Red Pandas batting - Pitching for Alloway Halberds : RHP Jim Unknown
Batting: RHB Jesús Vásquez 0-0: Foul Ball, location: 2F
0-1: Foul Ball, location: 2F
0-2: Strikes out swinging
Batting: LHB Augustus Driscoll 0-0: Fly out, F9 (Flyball, 9)
Batting: SHB Carlos Schultz 0-0: Ball
1-0: Swinging Strike
1-1: Ball
2-1: Called Strike
2-2: Ball
3-2: Ground out 4-3 (Groundball, 4)
Top of the 6th over - 0 run(s), 0 hit(s), 0 error(s), 0 left on base; Sioux Falls 4 - Alloway 4
BOTTOM OF THE 6TH
Alloway Halberds batting - Pitching for Sioux Falls Red Pandas : RHP Fernando Marés
Batting: RHB Chi-hyeong Ho 0-0: Ground out 5-3 (Groundball, 56S)
Batting: RHB Noah Smith 0-0: Hit by Pitch
Batting: RHB Cisco Hernández 0-0: Fly out, F5 (Popup, 5S)
Batting: LHB Jesús Trevino 0-0: Ball
1-0: Ground out U3 (Groundball, 3L)
Bottom of the 6th over - 0 run(s), 0 hit(s), 0 error(s), 1 left on base; Sioux Falls 4 - Alloway 4
TOP OF THE 7TH
Sioux Falls Red Pandas batting - Pitching for Alloway Halberds : RHP Jim Unknown
Batting: RHB Kenneth Noid 0-0: Ball
1-0: Ball
2-0: Fly out, F8 (Line Drive, 8LM)
Pinch Hitting: LHB Armando Becerra 0-0: Ball
1-0: Ball
2-0: Called Strike
2-1: SINGLE (Groundball, 6D)
Batting: RHB Bryant Skelly 0-0: Called Strike
Armando Becerra is caught stealing 2nd base
0-1: Fly out, F7 (Flyball, 7)
Top of the 7th over - 0 run(s), 1 hit(s), 0 error(s), 0 left on base; Sioux Falls 4 - Alloway 4
BOTTOM OF THE 7TH
Alloway Halberds batting - Pitching for Sioux Falls Red Pandas : RHP Fernando Marés
Now in RF: Tom Baker
Batting: RHB Jorge López 0-0: Called Strike
0-1: SOLO HOME RUN (Flyball, 78XD), Distance : 426 ft
Pitching: RHP Jim Unknown
Batting: RHB Christovão Galho 0-0: Called Strike
0-1: Ground out 6-3 (Groundball, 6)
Batting: LHB Jorge Flores 0-0: Ball
1-0: Called Strike
1-1: Ball
2-1: Ball
3-1: Called Strike
3-2: Fly out, F7 (Flyball, 7S)
Batting: RHB Vito Middendorf 0-0: Called Strike
0-1: Ball
1-1: Foul Ball, location: 2F
1-2: Ball
2-2: Ball
3-2: Ground out 5-3 (Groundball, 56S)
Bottom of the 7th over - 1 run(s), 1 hit(s), 0 error(s), 0 left on base; Sioux Falls 4 - Alloway 5
TOP OF THE 8TH
Sioux Falls Red Pandas batting - Pitching for Alloway Halberds : RHP Jim Unknown
Batting: RHB Arturo Scantlebury 0-0: Called Strike
0-1: Ground out 5-3 (Groundball, 5L)
Batting: RHB Apu Nahasapeemapetilon 0-0: Swinging Strike
0-1: Called Strike
0-2: SINGLE (Line Drive, 56)
Batting: LHB Homer Spence 0-0: Ball
1-0: Foul Ball, location: 2F
1-1: Ball
2-1: Called Strike
2-2: Foul Ball, location: 2F
2-2: Foul Ball, location: 2F
2-2: SINGLE (Line Drive, 78M)
Apu Nahasapeemapetilon to second
Batting: RHB Jesús Vásquez 0-0: Ball
1-0: Ball
2-0: Grounds into double play, 6-4-3 (Groundball, 6)
Top of the 8th over - 0 run(s), 2 hit(s), 0 error(s), 1 left on base; Sioux Falls 4 - Alloway 5
BOTTOM OF THE 8TH
Alloway Halberds batting - Pitching for Sioux Falls Red Pandas : RHP Jim Unknown
Batting: SHB John Clayton 0-0: Ball
1-0: Swinging Strike
1-1: Ball
2-1: Fly out, F8 (Line Drive, 78M)
Batting: RHB Chi-hyeong Ho 0-0: Fly out, F8 (Flyball, 78D)
Batting: RHB Noah Smith 0-0: Called Strike
0-1: Called Strike
0-2: Ball
1-2: Ball
2-2: Foul Ball, location: 2F
2-2: Ball
3-2: Base on Balls
Pinch Hitting: LHB Toby Kamin 0-0: Ball
1-0: Called Strike
1-1: Ball
2-1: Ball
3-1: Foul Ball, location: 2F
3-2: SINGLE (Groundball, 56D)
Noah Smith to second
Noah Smith to third
Batting: LHB Jesús Trevino 0-0: Ball
1-0: Ball
2-0: Foul Ball, location: 2F
2-1: Foul Ball, location: 2F
2-2: Foul Ball, location: 2F
2-2: Hit by Pitch
Toby Kamin to second
Batting: RHB Jorge López 0-0: Ball
1-0: SINGLE (Line Drive, 8LS)
Noah Smith scores
Toby Kamin to third
Jesús Trevino to second
Runner from 3rd tries for Home, SAFE, no throw
Pitching: LHP Jim Unknown
Batting: RHB Christovão Galho 0-0: Ball
1-0: Fielders Choice at 2nd, 6-4 (Groundball, 6)
Bottom of the 8th over - 2 run(s), 2 hit(s), 0 error(s), 1 left on base; Sioux Falls 4 - Alloway 7
TOP OF THE 9TH
Sioux Falls Red Pandas batting - Pitching for Alloway Halberds : RHP Jim Unknown
Pitching: RHP Anastasio Enríquez
Now in CF: Toby Kamin
Batting: LHB Augustus Driscoll 0-0: Ball
1-0: Fly out, F8 (Line Drive, 8LM)
Batting: SHB Carlos Schultz 0-0: Foul Ball, location: 2F
0-1: Called Strike
0-2: Strikes out swinging
Batting: RHB Kenneth Noid 0-0: Ground out 5-3 (Groundball, 5)
Top of the 9th over - 0 run(s), 0 hit(s), 0 error(s), 0 left on base; Sioux Falls 4 - Alloway 7
Saturday, May 26th, 2018 - OOTP Baseball 17.12 Build 75